 Dungeon Crawl Stone Soup version 0.26.1-11-gd32895ea62 (webtiles) character file.

Game seed: 1199305642349083623

1417 Tirrikindir the Carver (level 8, 0/54 HPs)
             Began as an Octopode Fighter on June 9, 2021.
             Was an Initiate of Gozag.
             Slain by a manticore (3 damage)
             ... on level 7 of the Dungeon.
             The game lasted 00:17:00 (6924 turns).

Tirrikindir the Carver (Octopode Fighter)           Turns: 6924, Time: 00:17:00

Health: 0/54       AC:  1    Str: 16    XL:     8   Next: 71%
Magic:  8/8        EV: 13    Int: 10    God:    Gozag
Gold:   332        SH: 10    Dex: 13    Spells: 7/7 levels left

rFire    . . .     SeeInvis .   a - +0 long sword
rCold    . . .     Faith    .   b - +1 kite shield
rNeg     . . .     Spirit   .   (helmet restricted)
rPois    .         Reflect  .   (no amulet)
rElec    .         Harm     .   (no ring)
rCorr    .         Rampage  .   (no ring)
Will     .....                  (no ring)
Stlth    ++++......             (no ring)
HPRegen  0.18/turn              (no ring)
MPRegen  0.11/turn              (no ring)
                                (no ring)
                                (no ring)

@: mighty, brilliant, hasted, very quick
A: almost no armour, stealthy swim, amphibious, 8 rings, constrict 8, camouflage
1, gelatinous body 1
a: Renounce Religion, Potion Petition, Call Merchant, Bribe Branch


You were on level 7 of the Dungeon.
You worshipped Gozag.
Gozag was aware of your devotion.
You visited 2 branches of the dungeon, and saw 8 of its levels.

You collected 999 gold pieces.
You spent 247 gold pieces at shops.
You paid 420 gold pieces to Gozag.

Inventory:

Hand Weapons
 a - a +0 long sword (weapon)
 h - a +0 short sword
Missiles
 j - 12 poisoned darts (quivered)
Armour
 b - a +1 kite shield (worn)
Wands
 f - a wand of iceblast (7)
 n - a wand of polymorph (7)
 o - a wand of flame (15)
Scrolls
 d - a scroll of acquirement {unknown}
 e - 2 scrolls of remove curse
 i - a scroll of immolation
 l - a scroll of fog
 r - a scroll of teleportation
 s - a scroll of fear
 t - a scroll of identify
 u - 2 scrolls of noise {unknown}
Potions
 c - 3 potions of might
 k - a potion of brilliance {unknown}
 m - a potion of mutation {unknown}
 p - a potion of haste {unknown}
 q - a potion of berserk rage {unknown}


   Skills:
 + Level 4.1 Fighting
 * Level 8.1 Long Blades
 * Level 4.3 Dodging
 + Level 4.4 Stealth
 * Level 4.4 Shields
 + Level 2.3 Evocations


You had 7 spell levels left.
You didn't know any spells.
Your spell library contained the following spells:

 Spells                   Type           Power        Failure   Level
 Foxfire                  Conj/Fire      0%           83%         1
 Conjure Flame            Conj/Fire      0%           99%         3
 Inner Flame              Hex/Fire       0%           99%         3
 Sticky Flame             Conj/Fire      0%           100%        4
 Fireball                 Conj/Fire      0%           100%        5


Dungeon Overview and Level Annotations

Branches:
Dungeon (7/15)             Temple (1/1) D:4

Altars:
Ashenzari
Cheibriados
Dithmenos
Elyvilon
Fedhas
Gozag
Hepliaklqana
Kikubaaqudgha
Makhleb
Nemelex Xobeh
Okawaru
Qazlal
Ru
Sif Muna
Trog
Uskayaw
Vehumet
Wu Jian
Xom
Yredelemnul
Zin
The Shining One

Shops:
D:4 *   D:5 }   D:7 :

Annotations:
D:5 1 runed translucent door, vvl's ghost, novice DsMo


Innate Abilities, Weirdness & Mutations

You cannot wear most types of armour.
You are very stealthy in the water. (Stealth+)
You are amphibious.
You can wear up to eight rings at the same time.
You can use your tentacles to constrict eight enemies at once.
Your skin changes colour to match your surroundings (Stealth+).
Your rubbery body absorbs attacks. (AC +1, EV +1)


Message History

The manticore bites you! The manticore claws you.
* * * LOW HITPOINT WARNING * * *
You block the manticore's attack.
You feel much better. The manticore bites you! The manticore claws you!
* * * LOW HITPOINT WARNING * * *
The manticore claws you!
* * * LOW HITPOINT WARNING * * *
Okay, then. [a] - 520 gold - haste and resistance [b] - 252 gold - brilliance and magic [c] - 396 gold - might, brilliance and haste Purchase which effect?
You no longer have enough gold to petition Gozag for potion effects.
You feel very mighty all of a sudden.
You feel clever all of a sudden.
You feel yourself speed up. The manticore closely misses you.
You riposte.
You slash the manticore! You squeeze the manticore.
The manticore is severely wounded.
You block the manticore's attack. The manticore claws you.
You die...
Your body crumbles into a pile of gold.

#.#.>...# #.#.....# ..
###########.##..#.#....
#.........#............
#....?....#####.##....
#.........# #.# ..
#.........# ##'###+####
#......H..# #..........
#......@..# #..........
#.........# #..........
#.........####......!...
#..................#..##
#.................))..#
####......∩...........#
#......[...........#
#...........)........
#......#########.....


You could see a manticore.

Vanquished Creatures
  Sigmund (D:2)
  A phantom (D:5)
  3 ogres
  3 scorpions
  3 wights (D:6)
  A howler monkey (D:6)
  3 hounds
  3 orc wizards
  Crazy Yiuf (D:3)
  A bullfrog skeleton (D:6)
  Jessica (D:2)
  An iguana (D:4)
  5 worker ants
  Robin (D:3)
  6 adders
  A white imp (D:6)
  2 oozes (D:3)
  2 adder skeletons
  2 worms
  2 dart slugs
  8 leopard geckos
  13 orcs
  7 giant cockroaches
  21 goblins
  4 hobgoblins
  6 jackals
  2 quokkas
  2 ball pythons
  5 bats
  6 frilled lizards
  2 gnoll zombies (D:4)
  A jackal skeleton (D:7)
  6 kobolds
  A quokka zombie (D:5)
  12 rats
139 creatures vanquished.

Notes
Turn   | Place    | Note
-------+----------+-------------------------------------------
     0 | D:1      | Tirrikindir the Octopode Fighter began the quest for the
                  | Orb.
     0 | D:1      | Reached XP level 1. HP: 16/16 MP: 1/1
   112 | D:1      | Reached XP level 2. HP: 20/21 MP: 2/2
   153 | D:1      | Reached skill level 1 in Stealth
   622 | D:1      | Reached XP level 3. HP: 26/26 MP: 3/3
  1096 | D:2      | Found a broken altar of Ashenzari.
  1526 | D:2      | Noticed Jessica
  1535 | D:2      | Killed Jessica
  1536 | D:2      | Reached skill level 3 in Long Blades
  1536 | D:2      | Reached XP level 4. HP: 27/31 MP: 4/4
  1630 | D:2      | Noticed Sigmund
  1637 | D:2      | Killed Sigmund
  1638 | D:2      | Reached XP level 5. HP: 34/37 MP: 5/5
  1959 | D:2      | Found an opulent altar of Gozag.
  1959 | D:2      | Found a shimmering altar of Xom.
  1966 | D:2      | Became a worshipper of Gozag Ym Sagoz the Greedy
  2252 | D:3      | Reached XP level 6. HP: 43/43 MP: 6/6
  2393 | D:3      | Found a runed translucent door.
  2394 | D:3      | Noticed Crazy Yiuf
  2403 | D:3      | Killed Crazy Yiuf
  2404 | D:3      | Reached skill level 4 in Long Blades
  2808 | D:3      | Noticed Robin
  2932 | D:3      | Killed Robin
  3212 | D:4      | Found a staircase to the Ecumenical Temple.
  3223 | Temple   | Entered the Ecumenical Temple
  3702 | D:4      | Reached XP level 7. HP: 5/48 MP: 7/7
  4050 | D:4      | Reached skill level 5 in Long Blades
  4197 | D:4      | Reached skill level 6 in Long Blades
  4677 | D:4      | Found Yblezimu's Assorted Antiques.
  4685 | D:4      | Bought a long gold wand for 100 gold pieces
  4685 | D:4      | Bought a runed jade ring for 125 gold pieces
  4685 | D:4      | Bought a smoky brown potion for 22 gold pieces
  5055 | D:4      | Found a basalt altar of Yredelemnul.
  5175 | D:5      | Entered Level 5 of the Dungeon
  5405 | D:5      | Found Fuhuatoi's Gadget Emporium.
  5427 | D:5      | Reached skill level 7 in Long Blades
  5427 | D:5      | Reached XP level 8. HP: 37/54 MP: 8/8
  5521 | D:5      | Noticed a blizzard demon
  5522 | D:5      | Found a burning altar of Makhleb.
  5523 | D:5      | Found a glowing silver altar of Zin.
  5523 | D:5      | Noticed an angel
  5630 | D:5      | Found a runed translucent door.
  5632 | D:5      | Noticed vvl's ghost (novice DsMo)
  6310 | D:6      | Reached skill level 1 in Evocations
  6387 | D:6      | Reached skill level 8 in Long Blades
  6889 | D:7      | Found Sakla's Book Shop.
  6912 | D:7      | Noticed a manticore
  6924 | D:7      | Slain by a manticore

Illustrated notes

Levels and vault maps discovered:
D:1:      scummos_arrival_forest, layout_rooms, minmay_split_cup_large
D:2:      layout_basic, ashenzari_altar_1, amethyst_overflow_temple_binary,
          uniq_jessica, uniq_sigmund
D:3:      cheibrodos_helix_gallery, layout_basic, uniq_crazy_yiuf_cottage,
          uniq_robin
D:4:      layout_rooms, lemuel_zombie_altar_yredelemnul,
          minmay_temple_entry_crystal_x, serial_shops, shop, kennysheep_boxes
D:5:      layout_rooms, grunt_temple_overflow_order_and_chaos_2,
          ebering_ghost_sewer_d, serial_shops, nicolae_shop_statue_plus
D:6:      layout_cave_pools
D:7:      layout_basic, serial_shops, shop, uniq_menkaure, uniq_pikel
Temple:   nicolae_temple_elliptical

Skill      XL: |  1  2  3  4  5  6  7  8 |
---------------+-------------------------+-----
Stealth        | 1 2 3 4 |  4.4
Long Blades    | 3 4 7 8 |  8.1
Fighting       | 4 |  4.1
Shields        | 4 |  4.4
Dodging        | 4 |  4.3
Evocations     | 2 |  2.3

Action                   |  1- 3 |  4- 6 |  7- 9 || total
-------------------------+-------+-------+-------++-------
Melee: Long sword        |    57 |    94 |   148 ||   299
       Tentacles         |    11 |    18 |    32 ||    61
       Constrict         |    20 |    23 |    35 ||    78
Throw: Dart              |       |     7 |     3 ||    10
Invok: Potion Petition   |       |       |     1 ||     1
  Use: Scroll            |     5 |     5 |     5 ||    15
       Potion            |       |       |     2 ||     2
 Stab: Sleeping          |     3 |     5 |     7 ||    15
       Distracted        |     1 |     2 |     1 ||     4
Armor: Skin              |     4 |     2 |     7 ||    13
Dodge: Dodged            |    16 |    38 |    60 ||   114
Block: Kite shield       |    22 |    45 |    78 ||   145
       Rpst.: Long sword |     8 |    11 |    12 ||    31
